 Dungeon Crawl Stone Soup version 0.18-a0-1481-g708b138 (webtiles) character file.

879 Ratboiler the Fighter (level 7, -4/63 HPs)
             Began as a Mummy Artificer on Mar 2, 2016.
             Killed by divine providence
             ... invoked by an orc priest
              (7 damage)
             ... on level 6 of the Dungeon.
             The game lasted 00:14:17 (6540 turns).

Ratboiler the Fighter (Mummy Artificer)             Turns: 6540, Time: 00:14:17

Health: -4/63      AC:  7    Str: 14    XL:     7   Next: 75%
Magic:  8/8        EV: 11    Int: 14    God:
Gold:   334        SH:  0    Dex: 14    Spells: 0 memorised, 6 levels left

rFire  x . .     SeeInvis .     a - +1 dagger (venom)
rCold  + . .     Gourm    .     p - +0 ring mail
rNeg   + + +     Faith    .     (no shield)
rPois  ∞         Spirit   .     m - +0 helmet
rElec  .         Dismiss  .     C - +0 cloak
rCorr  .         Reflect  .     (no gloves)
SustAt .         Harm     .     (no boots)
MR     .....                    (no amulet)
Stlth  ++........               t - ring of stealth
                                f - +2 ring of intelligence

@: not resistant to hostile enchantments, unstealthy
A: no food or potions, fire vulnerability, cold resistance 1, negative energy
resistance 3, torment resistance, unbreathing
a: no special abilities


You were on level 6 of the Dungeon.
You were not hungry.

You visited 2 branches of the dungeon, and saw 7 of its levels.

You collected 334 gold pieces.

Inventory:

Hand Weapons
 a - a +1 dagger of venom (weapon)
 b - a +1 short sword of protection
Missiles
 l - 194 stones (quivered)
 w - a throwing net
 A - 8 poisoned needles
Armour
 k - a +0 shield
 m - a +0 helmet (worn)
 p - a +0 ring mail (worn)
 u - a +0 leather armour
 C - a +0 cloak (worn)
Jewellery
 f - a +2 ring of intelligence (left hand)
 i - an uncursed ring of protection from cold
 o - an uncursed ring of flight
 t - a ring of stealth (right hand)
Wands
 c - a wand of flame (6/48)
 d - a wand of enslavement (0/24)
 e - a wand of random effects (15/48)
 z - a wand of disintegration (12/24)
 B - a wand of paralysis (14/24)
Scrolls
 g - 4 scrolls of teleportation
 h - a scroll of identify
 j - a scroll of immolation
 n - 2 scrolls of enchant armour
 r - a scroll of enchant weapon
 s - a scroll of fear
 v - a scroll of recharging
 y - 2 scrolls of blinking
Books
 D - a book of Battle

   Spells                             Type                      Level
   a - Infusion                       Charms                       1
   b - Shroud of Golubria             Charms/Translocation         2
   c - Song of Slaying                Charms                       2
   d - Spectral Weapon                Hexes/Charms                 3
   e - Regeneration                   Charms/Necromancy            3


   Skills:
 + Level 8.9 Fighting
 - Level 0.7 Short Blades
 - Level 1.5 Dodging
 - Level 0.7 Stealth
 - Level 2.4 Evocations


You had 6 spell levels left.
You didn't know any spells.

Dungeon Overview and Level Annotations

Branches:
Dungeon (6/15)             Temple (1/1) D:4

Altars:
Cheibriados
Dithmenos
Fedhas
Kikubaaqudgha
Makhleb
Nemelex Xobeh
Okawaru
Pakellas
Qazlal
Ru
Sif Muna
Trog
Vehumet
Xom
The Shining One

Shops:
D:4 =


Innate Abilities, Weirdness & Mutations

You do not eat or drink.
Your flesh is vulnerable to fire.
You are immune to poison.
Your flesh is cold resistant.
You are immune to negative energy.
You are immune to unholy pain and torment.
You can survive without breathing.


Message History

The crimson imp blinks!
The sky beast flickers out of sight!
Deactivating autopickup; reactivate with Ctrl-A.
There is a stone staircase leading down here.
A sky beast appears from thin air!
Reactivating autopickup.
You climb downwards.
A ball python zombie comes into view.
There is a stone staircase leading up here.
The orc priest invokes the aid of Beogh against you.
Beogh smites you!
* * * LOW HITPOINT WARNING * * *
The ball python zombie barely misses you.
The ball python zombie grabs you. The ball python zombie constricts you.
You escape the ball python zombie's grasp.
A jackal zombie comes into view.
The orc priest mumbles some strange prayers to Beogh against you.
Beogh smites you!
You die...

#...##..........#.....#
#.........o......'.....#
#....##.....##...##...##
#....##....)##'########
.............).......
.............)......
...........Z.....?..
...##..##.##...##... ...
### #+##@### .. ..
#...........
+...........
.............
...............
...#...........
...#...Z####.## ..
#....# .#


You could see an orc priest, a ball python zombie and a jackal zombie
(wandering).

Vanquished Creatures
  A sky beast (D:5)
  An ice beast (D:6)
  A water moccasin skeleton (D:5)
  3 hounds
  A jelly (D:6)
  2 giant frog zombies
  An orc priest (D:3)
  A centaur skeleton (D:4)
  Crazy Yiuf (D:4)
  Jessica (D:3)
  3 orc wizards
  A worker ant (D:4)
  A hound skeleton (D:4)
  6 adders
  An ooze (D:1)
  2 worms
  2 adder skeletons
  5 giant geckos
  12 orcs
  12 bats
  4 giant cockroaches
  7 hobgoblins
  9 jackals
  6 kobolds
  5 quokkas
  A ball python (D:1)
  3 giant newts
  9 goblins
  A jackal zombie (D:6)
  A quokka skeleton (D:4)
  7 rats
111 creatures vanquished.

Vanquished Creatures (collateral kills)
  An orc priest (D:6)
  2 worker ant zombies (D:6)
  An adder (D:6)
  An orc (D:6)
  A giant cockroach (D:4)
  A quokka zombie (D:6)
7 creatures vanquished.

Vanquished Creatures (others)
  2 ogres
  A giant frog (D:6)
  3 orc wizards
  An orc (D:4)
  2 jackals (D:6)
  A kobold (D:2)
10 creatures vanquished.

Grand Total: 128 creatures vanquished

Notes
Turn   | Place    | Note
--------------------------------------------------------------
     0 | D:1      | Ratboiler the Mummy Artificer began the quest for the Orb.
     0 | D:1      | Reached XP level 1. HP: 15/15 MP: 2/2
   106 | D:1      | Reached skill level 2 in Fighting
   236 | D:1      | Reached XP level 2. HP: 22/22 MP: 3/3
   675 | D:2      | Reached skill level 3 in Fighting
   696 | D:1      | Reached XP level 3. HP: 6/29 MP: 4/4
  1026 | D:2      | Found a sparkling altar of Nemelex Xobeh.
  1137 | D:2      | Found a shimmering altar of Xom.
  1162 | D:2      | Found a radiant altar of Vehumet.
  1591 | D:3      | Reached skill level 4 in Fighting
  1591 | D:3      | Reached XP level 4. HP: 3/37 MP: 5/5
  1905 | D:3      | Found an oddly glowing altar of Pakellas.
  2109 | D:3      | Noticed Jessica
  2121 | D:3      | Killed Jessica
  2363 | D:3      | Reached XP level 5. HP: 39/43 MP: 6/6
  2432 | D:3      | Reached skill level 5 in Fighting
  2691 | D:3      | Found a blossoming altar of Fedhas.
  3055 | D:3      | Found a deep blue altar of Sif Muna.
  3497 | D:4      | Found a staircase to the Ecumenical Temple.
  3506 | Temple   | Entered the Ecumenical Temple
  3679 | D:4      | Noticed an ogre
  3793 | D:4      | Found Hepunaojidgh's Jewellery Emporium.
  3924 | D:4      | Reached skill level 6 in Fighting
  3931 | D:4      | Reached XP level 6. HP: 37/52 MP: 7/7
  4104 | D:4      | Found a burning altar of Makhleb.
  4200 | D:4      | Noticed Crazy Yiuf
  4215 | D:4      | Killed Crazy Yiuf
  4579 | D:5      | Entered Level 5 of the Dungeon
  4598 | D:5      | Found a bloodstained altar of Trog.
  4724 | D:5      | Noticed a sky beast
  4752 | D:5      | Killed a sky beast
  4752 | D:5      | Reached skill level 7 in Fighting
  5138 | D:5      | Found a snail-covered altar of Cheibriados.
  5138 | D:5      | Found a sacrificial altar of Ru.
  5388 | D:5      | Reached XP level 7. HP: 22/60 MP: 8/8
  5832 | D:6      | Reached skill level 8 in Fighting
  6533 | D:6      | HP: 2/63 [orc priest/divine providence (12)]
  6540 | D:6      | Killed from afar by an orc priest

Vault maps used:
D:1:      dpeg_arrival_subterranean_lakeside_camping
D:2:      overflow_temple_1_default, fiery_altar_vehumet, xom_teletrap_fun
D:3:      grunt_pakellas_basics, overflow_temple_1_default, led_sif_book,
          uniq_jessica
D:4:      lemuel_doored_altar, lemuel_temple_firewalk_marked, serial_shops,
          kennysheep_mini_moat, uniq_crazy_yiuf_cottage
D:5:      amethyst_overflow_temple_binary, first_bread,
          hangedman_decor_opposing, bloody_trog
D:6:      nicolae_overflow_hidden_temple, yredelemnul_altar_generic,
          serial_undead, serial_undead_a, serial_undead_b, serial_undead_c,
          serial_undead_c
Temple:   hc_temple_tempest_star_small

Skill      XL: |  1  2  3  4  5  6  7 |
---------------+----------------------+-----
Fighting       | 2 3 4 6 7 8 |  8.9
Short Blades   | |  0.7
Dodging        | |  1.5
Stealth        | |  0.7
Evocations     | |  2.4

Action                   |  1- 3 |  4- 6 |  7- 9 || total
-------------------------+-------+-------+-------++-------
Melee: Short sword       |    20 |    15 |       ||    35
       Dagger            |   131 |   235 |   120 ||   486
Evoke: Wand              |     1 |    10 |    13 ||    24
  Use: Scroll            |     4 |     4 |     1 ||     9
 Stab: Sleeping          |     2 |       |       ||     2
